 Dungeon Crawl Stone Soup version 0.23-a0-550-g7de1f8e (webtiles) character file.

272 Lavandula the Ducker (level 6, -4/39 HPs)
             Began as a Halfling Enchanter on Dec 9, 2018.
             Killed by divine providence
             ... invoked by an orc priest
              (12 damage)
             ... on level 5 of the Dungeon.
             The game lasted 00:10:27 (1977 turns).

Lavandula the Ducker (Halfling Enchanter)           Turns: 1977, Time: 00:10:27

Health: -4/39      AC:  4    Str:  6 (9)  XL:     6   Next: 48%
Magic:  2/8        EV: 17    Int: 12 (15) God:
Gold:   58         SH:  2    Dex: 12 (15) Spells: 2/8 levels left

rFire    . . .     SeeInvis .   a - +1 dagger
rCold    . . .     Gourm    .   (shield restricted)
rNeg     . . .     Faith    .   b - +0 robe
rPois    .         Spirit   .   (no helmet)
rElec    .         Reflect  +   (no cloak)
rCorr    .         Harm     .   (no gloves)
MR       .....                  k - +1 pair of boots
Stlth    ++........             h - +2 amulet of reflection
HPRegen  0.13/turn              (no ring)
MPRegen  0.11/turn              (no ring)

@: very slightly contaminated
A: small, mutation resistance 1
a: no special abilities


You were on level 5 of the Dungeon.
You were not hungry.

You visited 1 branch of the dungeon, and saw 5 of its levels.

You collected 148 gold pieces.
You spent 90 gold pieces at shops.

Inventory:

Hand Weapons
 a - a +1 dagger (weapon)
Missiles
 q - 18 sling bullets
Armour
 b - a +0 robe (worn)
 i - a +2 shield
 k - a +1 pair of boots (worn)
Jewellery
 h - a +2 amulet of reflection (around neck)
 m - an uncursed ring of fire
Scrolls
 g - a scroll of magic mapping {unknown}
 j - 3 scrolls of amnesia {unknown}
 l - a scroll of enchant armour {unknown}
 n - a scroll of enchant weapon {unknown}
 p - a scroll of identify {unknown}
Potions
 c - a potion of invisibility {unknown}
 e - a potion of degeneration
 f - a potion of mutation {unknown}
Comestibles
 d - 4 rations
 s - 3 chunks of flesh


   Skills:
 - Level 1.8 Fighting
 - Level 3.7 Short Blades
 + Level 5.5 Dodging
 - Level 3.2 Stealth
 - Level 1.5 Spellcasting
 - Level 2.4 Hexes


You had 2 spell levels left.
You knew the following spells:

 Your Spells              Type           Power        Failure   Level  Hunger
a - Corona                Hex            #......      11%         1    ##.....
b - Ensorcelled Hibernat  Hex/Ice        #.....       26%         2    ###....
c - Confuse               Hex            #.......     32%         3    ####...

Your spell library contained the following spells:

 Spells                   Type           Power        Failure   Level  Hunger
 Beastly Appendage        Tmut           #.....       28%         1    ##.....
 Sticks to Snakes         Tmut           #.......     41%         2    ###....
 Tukima's Dance           Hex            #.......     32%         3    ####...
 Dazzling Spray           Conj/Hex       #.....       45%         3    ####...
 Spider Form              Tmut/Pois      #.........   65%         3    ####...
 Ice Form                 Ice/Tmut       #.......     96%         4    #####..
 Blade Hands              Tmut           #.........   100%        5    ######.


Dungeon Overview and Level Annotations

Branches:
Dungeon (5/15)
 Temple: D:4-7

Altars:
Zin

Annotations:
D:3 exclusion: scorpion
D:4 Grinder


Innate Abilities, Weirdness & Mutations

You are small and have problems with some larger weapons.
You are somewhat resistant to further mutation.


Message History

You hit the orc priest but do no damage.
The orc priest is severely wounded.
Unknown command.
You hit the orc priest.
The orc priest is almost dead.
The orc priest hits you but does no damage.
Unknown command.
You closely miss the orc priest.
The orc priest is almost dead.
The orc priest closely misses you.
Unknown command.
You closely miss the orc priest.
The orc priest is almost dead.
You block the orc priest's attack.
Unknown command.
You closely miss the orc priest.
The orc priest is almost dead.
The orc priest calls down the wrath of Beogh upon you.
Beogh smites you!
You die...

##.###########
#......@o....#
#######.####.#
... ##.#.
..#(# ... .
### ##


You could see an orc priest.

Vanquished Creatures
  An ogre (D:4)
  An orc wizard (D:4)
  A bullfrog skeleton (D:4)
  2 iguanas (D:4)
  3 adders
  An ooze (D:1)
  3 worms
  A dart slug (D:2)
  5 orcs
  A giant cockroach (D:3)
  4 goblins
  3 hobgoblins
  A kobold (D:1)
  7 bats
  4 frilled lizards
  7 rats
45 creatures vanquished.

Notes
Turn   | Place    | Note
-------+----------+-------------------------------------------
     0 | D:1      | Lavandula the Halfling Enchanter began the quest for the
                  | Orb.
     0 | D:1      | Reached XP level 1. HP: 11/11 MP: 3/3
   280 | D:1      | Reached XP level 2. HP: 8/17 MP: 2/4
   438 | D:1      | Learned a level 2 spell: Ensorcelled Hibernation
   597 | D:2      | Reached XP level 3. HP: 21/21 MP: 1/5
  1145 | D:2      | Reached skill level 1 in Fighting
  1183 | D:3      | Noticed a scorpion
  1184 | D:3      | Reached XP level 4. HP: 23/28 MP: 2/6
  1286 | D:3      | Found Zin's Purification Station.
  1292 | D:3      | Found a glowing silver altar of Zin.
  1295 | D:3      | Bought a potion of curing for 90 gold pieces
  1367 | D:4      | Noticed Grinder
  1377 | D:4      | Learned a level 3 spell: Confuse
  1555 | D:4      | Reached skill level 3 in Dodging
  1555 | D:4      | Reached XP level 5. HP: 24/34 MP: 0/7
  1588 | D:4      | Noticed an ogre
  1638 | D:4      | Killed an ogre
  1638 | D:4      | Reached skill level 4 in Dodging
  1638 | D:4      | Reached XP level 6. HP: 39/39 MP: 1/8
  1666 | D:4      | Reached skill level 5 in Dodging
  1941 | D:5      | Entered Level 5 of the Dungeon
  1977 | D:5      | Killed from afar by an orc priest

Vault maps used:
D:1:      lightli_arrival_maybe_door_vault
D:2:      first_ration, minmay_pentomino_r4
D:3:      nicolae_overflow_crystal_walls, zin_purify,
          nicolae_overflow_hidden_temple, grunt_gozag_breadcrumbs,
          uniq_crazy_yiuf_cottage, uniq_jessica
D:4:      tso_metal_star, dk_noncrumbling_2, fedhas_altar_fruit_tree,
          uniq_eustachio, uniq_purgy, uniq_grinder
D:5:      cheibrodos_fertilizer, kennysheep_little_box, marbit_many_paths,
          overflow_temple_1_default

Skill      XL: |  1  2  3  4  5  6 |
---------------+-------------------+-----
Short Blades   | 2 3 |  3.7
Fighting       | 1 |  1.8
Dodging        | 3 4 5 |  5.5
Stealth        | |  3.2
Spellcasting   | |  1.5
Hexes          | |  2.4

Action                   |  1- 3 |  4- 6 || total
-------------------------+-------+-------++-------
Melee: Dagger            |   107 |    90 ||   197
 Cast: Corona            |     5 |     1 ||     6
       Ensorcelled Hiber |     6 |    15 ||    21
  Use: Scroll            |     1 |     1 ||     2
       Potion            |       |     4 ||     4
 Stab: Sleeping          |     9 |    10 ||    19
  Eat: Chunk             |     2 |     4 ||     6
Armor: Robe              |    16 |     3 ||    19
Dodge: Dodged            |    81 |    40 ||   121
Block: Other             |     3 |     8 ||    11

Table legend:
 A = Non-vault XP
 B = Vault XP
 C = Vault XP percentage of total XP
 D = Non-vault monster count
 E = Vault monster count
 F = Vault count percentage of total count
                 A         B        C        D         E       F
            +---------+---------+-------+---------+---------+-------
      Total |     387 |       2 |   0.5 |      43 |       2 |   4.4
            +---------+---------+-------+---------+---------+-------
        D:1 |      23 |       0 |   0.0 |      12 |       0 |   0.0
        D:2 |      38 |       2 |   5.0 |      11 |       2 |  15.4
        D:3 |      32 |       0 |   0.0 |      10 |       0 |   0.0
        D:4 |     294 |       0 |   0.0 |      10 |       0 |   0.0
            +---------+---------+-------+---------+---------+-------
